 Dungeon Crawl Stone Soup version 0.26.0-10-g1f06aea511 (webtiles) character file.

Game seed: 13824085337062656218

2175 funkygono the Firebug (level 9, -3/48 HPs)
             Began as a Gargoyle Fire Elementalist on Feb 6, 2021.
             Slain by an orc warrior
             ... wielding a +0 halberd
              (22 damage)
             ... on level 6 of the Dungeon.
             The game lasted 00:18:34 (7874 turns).

funkygono the Firebug (Gargoyle Fire Elementalist)  Turns: 7874, Time: 00:18:35

Health: -3/48      AC: 16    Str: 19    XL:     9   Next: 32%
Magic:  14/17      EV: 12    Int: 18    God:
Gold:   365        SH:  0    Dex: 10    Spells: 15/19 levels left

rFire    + . .     SeeInvis .   x - -1 whip (curse)
rCold    x . .     Faith    +   (no shield)
rNeg     + . .     Spirit   .   t - +0 ring mail "Ilusuh" {Harm +Blink} (curse)
rPois    ∞         Reflect  .   g - +1 helmet
rElec    +         Harm     +   (no cloak)
rCorr    .         Rampage  .   s - +0 pair of gloves
Will     .....                  f - +0 pair of boots
Stlth    +.........             l - amulet of faith
HPRegen  0.16/turn              i - +6 ring of strength
MPRegen  0.15/turn              e - ring of fire

@: no status effects
A: negative energy resistance 1, electricity resistance, unbreathing,
petrification resistance, miasma immunity, AC +6
a: Evoke Blink


You were on level 6 of the Dungeon.
You visited 1 branch of the dungeon, and saw 6 of its levels.
You also visited: Sewer.

You collected 365 gold pieces.

Inventory:

Hand Weapons
 o - a +0 whip
 x - a cursed -1 whip (weapon)
 D - a +1 flail of draining
Missiles
 c - 192 stones
Armour
 a - a +0 robe
 d - a +0 buckler
 f - a +0 pair of boots (worn)
 g - a +1 helmet (worn)
 n - a +3 leather armour
 s - a +0 pair of gloves (worn)
 t - the cursed +0 ring mail "Ilusuh" (worn) {Harm +Blink}
   (You found it on level 4 of the Dungeon)

   It lets you blink.
   It increases damage dealt and taken.
   It has a curse placed upon it.
 v - a +2 chain mail of poison resistance
Jewellery
 e - a ring of fire (right hand)
 i - a +6 ring of strength (left hand)
 l - an amulet of faith (around neck)
 A - an uncursed ring of positive energy {unknown}
Wands
 k - a wand of flame (15)
Scrolls
 m - 2 scrolls of identify
 p - a scroll of amnesia
 q - 5 scrolls of teleportation
 u - 5 scrolls of blinking
 y - 2 scrolls of fog {unknown}
 z - 3 scrolls of magic mapping {unknown}
 C - 2 scrolls of vulnerability {unknown}
Potions
 b - 8 potions of curing
 h - 5 potions of brilliance
 j - 2 potions of flight
 r - 3 potions of magic
 w - a potion of heal wounds
 B - 2 potions of might {unknown}


   Skills:
 + Level 2.0 Fighting
 + Level 3.6 Maces & Flails
 + Level 4.1 Armour
 + Level 3.4 Dodging
 - Level 2.5 Stealth
 + Level 5.7 Spellcasting
 + Level 5.7 Conjurations
 + Level 6.2 Fire Magic


You had 15 spell levels left.
You knew the following spells:

 Your Spells              Type           Power        Failure   Level
a - Foxfire               Conj/Fire      100%         1%          1
b - Conjure Flame         Conj/Fire      40%          5%          3

Your spell library contained the following spells:

 Spells                   Type           Power        Failure   Level
 Inner Flame              Hex/Fire       24%          17%         3
 Sticky Flame             Conj/Fire      40%          17%         4
 Animate Skeleton         Necr           10%          21%         1
 Pain                     Necr           20%          21%         1
 Fireball                 Conj/Fire      20%          43%         5
 Vampiric Draining        Necr           2%           52%         3
 Animate Dead             Necr           2%           90%         4
 Agony                    Necr           5%           99%         5


Dungeon Overview and Level Annotations

Branches:
Dungeon (6/15)              Sewer (visited)
 Temple: D:4-7

Altars:
Hepliaklqana
Okawaru
Beogh

Annotations:
D:4 3 runed translucent doors, IHuginn's ghost, amateur DsBr


Innate Abilities, Weirdness & Mutations

You are resistant to torment.
Your stone body is resilient. (AC +6)
You are immune to poison.
You resist negative energy. (rN+)
You are resistant to electric shocks. (rElec)
You can survive without breathing.
You are immune to petrification.
You are immune to miasma.


Message History

The orc warrior closely misses you.
Casting: Foxfire (safe; 1% risk of failure)
Confirm with . or Enter, or press ? or * to list all spells.
You feel a surge of power!
You conjure some foxfire!
The foxfire hits the orc warrior but does no damage.
The orc warrior is lightly wounded.
The orc warrior hits you from afar with a +0 halberd.
The foxfire hits the orc warrior.
The orc warrior is moderately wounded.
The foxfire hits the orc warrior!
The orc warrior is severely wounded.
The foxfire hits the orc warrior.
The orc warrior is almost dead.
The orc priest mumbles some strange prayers to Beogh against you.
Beogh smites you!
Casting: Foxfire (safe; 1% risk of failure)
Confirm with . or Enter, or press ? or * to list all spells.
You feel a surge of power!
You conjure some foxfire!
The orc warrior hits you from afar with a +0 halberd!!
You die...

#.# #.# ####.# #.# ##
#....# #># .. #....#
#.# #. #...## #.# #.
#### ##.## #.# #.
...# #.# #.# #. ##.#
#v###########.####.
##.#
##v@.o.oo...........
##.#
##.#..##############.
##.# #.###.# #. ##.#
#..#÷## #o ##.#
#.#.## #.
##.##########....#
#######.
##...............#
#..=..o#
#############....#
#.#####. #.#.##
#......)


You could see an orc warrior, an orc priest and an orc.

Vanquished Creatures
  Menkaure (D:6)
  2 sky beasts
  An ice beast (D:5)
  A centaur (D:5)
  5 bullfrogs
  A wyvern skeleton (D:6)
  2 scorpions
  A howler monkey (D:4)
  2 hounds
  10 orc priests
  6 orc wizards
  8 worker ants
  A hound skeleton (D:4)
  A worker ant zombie (D:5)
  11 adders
  7 gnolls
  8 river rats
  A shadow imp (D:5)
  2 white imps
  An ufetubus (D:5)
  2 oozes (Sewer)
  A worm (D:3)
  3 dart slugs
  6 leopard geckos
  29 orcs
  13 giant cockroaches
  9 goblins
  8 hobgoblins
  10 jackals
  4 quokkas
  11 ball pythons
  4 bats
  7 frilled lizards
  11 kobolds
  A quokka skeleton (D:5)
  32 rats
223 creatures vanquished.

Vanquished Creatures (others)
  586 foxfires
586 creatures vanquished.

Grand Total: 809 creatures vanquished

Notes
Turn   | Place    | Note
-------+----------+-------------------------------------------
     0 | D:1      | funkygono the Gargoyle Fire Elementalist began the quest
                  | for the Orb.
     0 | D:1      | Reached XP level 1. HP: 10/10 MP: 3/3
   151 | D:1      | Reached XP level 2. HP: 15/15 MP: 1/5
   794 | D:2      | Reached XP level 3. HP: 19/19 MP: 4/6
  1267 | D:2      | Reached XP level 4. HP: 18/24 MP: 3/7
  1271 | D:2      | Learned a level 3 spell: Conjure Flame
  2052 | D:3      | Found an iron altar of Okawaru.
  2076 | D:3      | Reached skill level 4 in Fire Magic
  2375 | D:3      | Reached XP level 5. HP: 28/28 MP: 6/9
  2543 | D:3      | Reached skill level 1 in Maces & Flails
  2543 | D:3      | Reached XP level 6. HP: 23/33 MP: 7/10
  3138 | D:3      | Found a hazy altar of Hepliaklqana.
  3648 | D:4      | Reached skill level 1 in Fighting
  3797 | D:4      | Reached skill level 1 in Armour
  3963 | D:4      | Reached XP level 7. HP: 34/38 MP: 3/12
  4581 | D:4      | Found a runed translucent gate.
  4582 | D:4      | Found a runed translucent gate.
  4583 | D:4      | Found a runed translucent gate.
  4584 | D:4      | Found a roughly hewn altar of Beogh.
  4584 | D:4      | Noticed IHuginn's ghost (amateur DsBr)
  4585 | D:4      | Got a polished ring mail
  4808 | D:4      | Identified the cursed +0 ring mail "Ilusuh" {Harm +Blink}
                  | (You found it on level 4 of the Dungeon)
  4820 | D:5      | Entered Level 5 of the Dungeon
  4966 | D:5      | Reached skill level 5 in Fire Magic
  5241 | D:5      | Reached XP level 8. HP: 43/43 MP: 12/14
  6293 | D:6      | Reached skill level 5 in Conjurations
  6385 | D:6      | Reached skill level 5 in Spellcasting
  6527 | D:6      | Found a glowing drain.
  6535 | Sewer    | Entered a sewer
  6685 | Sewer    | Reached XP level 9. HP: 48/48 MP: 11/16
  7030 | Sewer    | Reached skill level 6 in Fire Magic
  7160 | D:6      | Noticed Menkaure
  7163 | D:6      | Killed Menkaure
  7874 | D:6      | Slain by an orc warrior

Illustrated notes

Levels and vault maps discovered:
D:1:      roderic_dead_forest, layout_rooms, minmay_misc_feat_doors
D:2:      layout_basic
D:3:      layout_basic, nzn_hepliaklqana_mist_gate, okawaru_trees_2,
          roderic_roman_lattice
D:4:      layout_rooms, biasface_ghost_orc_armoury
D:5:      cheibrodos_quashed, layout_rooms
D:6:      layout_loops_ring, general_overflow_altar, nicolae_ru_path_of_blood,
          portal_sewer_entry_a, uniq_menkaure

Skill      XL: |  1  2  3  4  5  6  7  8  9 |
---------------+----------------------------+-----
Dodging        | 2 3 |  3.4
Fire Magic     | 4 5 6 |  6.2
Conjurations   | 2 3 4 5 |  5.7
Maces & Flails | 1 2 3 |  3.6
Spellcasting   | 3 4 5 |  5.7
Fighting       | 1 2 |  2.0
Armour         | 1 2 3 4 |  4.1
Stealth        | |  2.5

Action                   |  1- 3 |  4- 6 |  7- 9 || total
-------------------------+-------+-------+-------++-------
Melee: Unarmed           |     4 |       |       ||     4
       Club              |    26 |   111 |       ||   137
       Whip              |       |    14 |   251 ||   265
 Cast: Foxfire           |    48 |    92 |   222 ||   362
  Use: Scroll            |     3 |     4 |     4 ||    11
       Potion            |       |     1 |     1 ||     2
Armor: Robe              |    22 |    47 |       ||    69
       Leather armour    |       |    12 |    53 ||    65
       Ring mail         |       |       |    88 ||    88
Dodge: Dodged            |    50 |    72 |   162 ||   284
